 Dungeon Crawl Stone Soup version 0.30-a0-465-g8901f6c8b5 (webtiles) character file.

Game seed: 14536631212449649247

125 experimilk the Conjurer (level 4, 0/33 HPs)
             Began as a Draconian Conjurer on Dec 17, 2022.
             Killed from afar by an orc wizard (10 damage)
             ... with a puff of flame
             ... on level 2 of the Dungeon.
             The game lasted 00:04:16 (3213 turns).

experimilk the Conjurer (Draconian Conjurer)        Turns: 3213, Time: 00:04:17

Health: 0/33       AC:  5    Str:  6 (9)  XL:     4   Next: 82%
Magic:  0/7        EV: 11    Int: 20 (21) God:
Gold:   162        SH:  0    Dex:  6 (9)  Spells: 4/7 levels left

rFire   . . .      SeeInvis .    f - +0 short sword
rCold   . . .      Faith    .    (no shield)
rNeg    . . .      Spirit   .    (body armour unavailable)
rPois   .          Reflect  .    (helmet restricted)
rElec   .          Harm     .    (no cloak)
rCorr   .          Rampage  .    (no gloves)
Will    .....                    (no boots)
Stlth   +.........               (no amulet)
HPRegen 0.25/turn                (no ring)
MPRegen 0.10/turn                (no ring)

@: brilliant
A: AC +5, unfitting armour, cold-blooded
a: no special abilities


You were on level 2 of the Dungeon.
You visited 1 branch of the dungeon, and saw 3 of its levels.

You collected 162 gold pieces.

Inventory:

Hand Weapons
 f - a +0 short sword (weapon)
Scrolls
 a - 2 scrolls of identify {unknown}
 e - a scroll of fog {unknown}
 g - a scroll of enchant weapon {unknown}
 i - a scroll of magic mapping
Potions
 d - a potion of cancellation {unknown}
 h - a potion of flight {unknown}


   Skills:
 - Level 1.7 Dodging
 - Level 1.7 Stealth
 - Level 2.0 Spellcasting
 + Level 6.2 Conjurations


You had 4 spell levels left.
You knew the following spells:

 Your Spells              Type           Power      Damage    Failure   Level
a - Magic Dart            Conj           100%       1d8       1%          1
z - Searing Ray           Conj           80%        2d7       1%          2

Your spell library contained the following spells:

 Spells                   Type           Power      Damage    Failure   Level
 Dazzling Flash           Conj/Hex       42%        N/A       13%         3
 Mephitic Cloud           Conj/Pois/Air  15%        N/A       21%         3
 Cigotuvi's Dreadful Rot  Necr/Pois/Air  6%         N/A       24%         2
 Poisonous Vapours        Pois/Air       6%         N/A       24%         2
 Fulminant Prism          Conj/Hex       10%        3d8       41%         4
 Iskenderun's Mystic Bla  Conj/Tloc      21%        2d6       41%         4


Dungeon Overview and Level Annotations

Branches:
Dungeon (3/15)

Altars:


Innate Abilities, Weirdness & Mutations

Your plain brown scales are hard. (AC +5)
You cannot fit into any form of body armour.
You are cold-blooded and may be slowed by cold attacks.


Message History

The magic dart hits you.
There is a stone staircase leading up here.
Something hits you but does no damage.
You climb upwards.
Reactivating autopickup.
There is a stone staircase leading down here.
You start resting.
You hear some strange, mumbled words.
A magic dart appears from out of thin air!
Deactivating autopickup; reactivate with Ctrl-A.
The magic dart hits you.
There is a strange disturbance nearby!
There is a strange disturbance nearby!
Casting: Searing Ray (safe; 1% risk of failure)
Confirm with . or Enter, or press ? or * to list all spells.
You can't see any susceptible monsters within range! (Use Z to cast anyway.)
Casting: Searing Ray (safe; 1% risk of failure)
Confirm with . or Enter, or press ? or * to list all spells.
Aiming: Searing Ray (safe; 1% risk of failure)
Press: ? - help, Shift-Dir - straight line The searing ray hits something. (Press . to maintain the ray.)
Something hits you.
Unknown command.
Unknown command.
The searing ray hits something!
Something hits you but does no damage.
Without enough magic to sustain it, your searing ray dissipates.
Something hits you.
* * * LOW HITPOINT WARNING * * *
Unknown command.
It was a potion of degeneration.
There was something very wrong with that liquid.
You feel weakened.
You feel dopey.
You feel clumsy. Something hits you but does no damage.
It was a potion of brilliance.
You feel clever all of a sudden.
You hear some strange, mumbled words.
A puff of flame appears from out of thin air!
The puff of flame hits you!
You die...

#.# #.#.#..#.# ####### #.#
#.#.#..#.# #.....# #.#
#.#.#..#.###.....# #.#
#.#.#..#.#........ #.#
#.#.#..#.#.#.....#
#.######.#.#..#.#.#.....#
#.........<#..#.#.#######
#############.#....#.#.#....#
#...†..).....@{........#....##
##.##########.................
#.#........#.#......#.#)...##
#.#.######.#.########......#
#.....# #.#...............#
###.#.####.......#####...###
#.#.......####.##...##..###
#.#######.# #...........)..
#.# ##.#######...###....


There were no monsters in sight!

Vanquished Creatures
  6 gnolls (D:2)
  2 adders
  An orc (D:3)
  5 endoplasms
  8 goblins
  2 hobgoblins
  10 jackals
  2 kobolds (D:2)
  3 ball pythons
  A bat (D:1)
  2 frilled lizards (D:2)
  6 rats
48 creatures vanquished.

Vanquished Creatures (others)
  4 toadstools (D:1)
4 creatures vanquished.

Grand Total: 52 creatures vanquished

Notes
Turn   | Place    | Note
-------+----------+-------------------------------------------
     0 | D:1      | experimilk the Draconian Conjurer began the quest for the
                  | Orb.
     0 | D:1      | Reached XP level 1. HP: 14/14 MP: 3/3
   337 | D:1      | Reached XP level 2. HP: 20/20 MP: 0/5
   613 | D:1      | Learned a level 2 spell: Searing Ray
  1273 | D:2      | Reached skill level 5 in Conjurations
  1273 | D:2      | Reached XP level 3. HP: 26/26 MP: 0/6
  1827 | D:2      | Identified the +0 robe "Gyujofruty" {Str+8}
  2133 | D:2      | Reached XP level 4. HP: 33/33 MP: 0/7
  2801 | D:2      | Reached skill level 6 in Conjurations
  3213 | D:2      | Killed from afar by an orc wizard

Illustrated notes

Levels and vault maps discovered:
D:1:      ldierk_walled_garden_2, layout_basic
D:2:      layout_basic, minmay_misc_feat_roman
D:3:      layout_basic, mainiacjoe_overflow_catwalk,
          nicolae_concentric_dashed_squares_wild, uniq_ijyb

Skill      XL: |  1  2  3  4 |
---------------+-------------+-----
Conjurations   | 5 6 |  6.2
Dodging        | |  1.7
Stealth        | |  1.7
Spellcasting   | |  2.0

Action                   |  1- 3 |  4- 6 || total
-------------------------+-------+-------++-------
Melee: Dagger            |    11 |       ||    11
       Tailslap          |     2 |     3 ||     5
       Short sword       |       |    14 ||    14
 Cast: Magic Dart        |    48 |    22 ||    70
       Searing Ray       |     8 |     7 ||    15
  Use: Potion            |     1 |     2 ||     3
       Scroll            |       |     1 ||     1
Armor: Skin              |     6 |     9 ||    15
Dodge: Dodged            |    15 |     7 ||    22

Table legend: (Time is in decaauts)
 A = Elapsed time spent in this place.
 B = Non-inter-level travel time spent in this place.
 C = Inter-level travel time spent in this place.
 D = Time resting spent in this place.
 E = Time spent auto-exploring this place.
 F = Levels seen in this place.
 G = Mean time per level.
                   A        B        C        D        E       F      G
               +--------+--------+--------+--------+--------+-----+--------+
         Total |   3213 |   3111 |    102 |    715 |   2097 |   3 | 1071.0 |
       Dungeon |   3213 |   3111 |    102 |    715 |   2097 |   3 | 1071.0 |
               +--------+--------+--------+--------+--------+-----+--------+

Top non-repeatable levels by time:
     D:2: 1565 daAuts
     D:1: 1536 daAuts
     D:3: 111 daAuts
